 Dungeon Crawl Stone Soup version 0.16-a0-1794-gf7beed7 (console) character file.

6297 Fusha the Martial Artist (level 11, -7/81 (84) HPs)
             Began as a Human Monk on Nov 2, 2014.
             Was a High Priest of Ru.
             Mangled by a small abomination (16 damage)
             ... on level 2 of the Abyss.
             The game lasted 01:04:22 (13302 turns).

Fusha the Martial Artist (Human Monk)              Turns: 13302, Time: 01:04:22

HP:   -7/81 (84)    AC: 13    Str: 11      XL:     11   Next: 16%
MP:   9/9           EV: 13    Int: 10      God:    Ru [*****.]
Gold: 690           SH:  0    Dex: 17 (18) Spells: 0 memorised, 10 levels left

rFire  . . .     SeeInvis .       - Unarmed
rCold  + . .     Clarity  .     M - +3 leather armour
rNeg   . . .     SustAb   .     (no shield)
rPois  +         Gourm    .     (helmet restricted)
rElec  .         Spirit   .     w - +2 cloak
rCorr  .         Warding  .     (no gloves)
rMut   .         Stasis   .     n - +2 pair of boots {Fly}
MR     .....                    (no amulet)
Stlth  +++.......               F - ring of protection from cold
                                y - ring of poison resistance

@: flying, drained, not resistant to hostile enchantments, fairly stealthy
A: horns 1, blurry vision 1, low mp 1, weak 1, inability to use devices, hated
by all, slow reflexes 1, magic vulnerability 1
a: Draw Out Power, Power Leap, Apocalypse, Renounce Religion


You were on level 2 of the Abyss.
You worshipped Ru.
Ru was extremely pleased with you.
You were hungry.

You visited 1 branch of the dungeon, and saw 9 of its levels.
You visited the Abyss 1 time.

You collected 690 gold pieces.

Inventory:

Missiles
 f - 186 stones
 K - 2 javelins (quivered)
Armour
 i - a +2 chain mail of cold resistance
 n - a +2 pair of boots of flying (worn)
 w - a +2 cloak (worn)
 C - a +3 scale mail
 D - a +0 leather armour of cold resistance
 I - a +0 leather armour
 M - a +3 leather armour (worn)
 N - a +1 scale mail of poison resistance
Jewellery
 m - an uncursed ring of sustain abilities
 y - a ring of poison resistance (left hand)
 F - a ring of protection from cold (right hand)
Scrolls
 d - 2 scrolls of remove curse
 j - a scroll of enchant armour
 o - 4 scrolls of immolation
 p - 2 scrolls of recharging
 r - 4 scrolls of magic mapping
 u - a scroll of amnesia {unknown}
 v - 2 scrolls of noise
 G - a scroll of random uselessness {unknown}
 J - a scroll of teleportation {unknown}
 O - a scroll of silence {unknown}
Potions
 g - a potion of curing
 s - a potion of degeneration
 z - 2 potions of restore abilities
 E - a potion of heal wounds
 L - 2 potions of haste
 Q - 3 potions of brilliance {unknown}
Books
 l - a book of Air

   Spells                             Type                      Level
   Shock                              Conjuration/Air              1
   Swiftness                          Charms/Air                   2
   Repel Missiles                     Charms/Air                   2
   Flight                             Charms/Air                   3
   Static Discharge                   Conjuration/Air              3
   Lightning Bolt                     Conjuration/Air              5
 H - a book of Wizardry

   Spells                             Type                      Level
   Agony                              Necromancy                   5
   Force Lance                        Conjuration                  5
   Dispersal                          Translocation                6
   Haste                              Charms                       6
   Invisibility                       Hexes                        6
   Spellforged Servitor               Conjuration/Summoning        7
Comestibles
 a - a slice of pizza
 b - 6 bread rations
 x - 4 meat rations
 B - 7 fruits
 P - 2 beef jerkies
 S - 7 royal jellies


   Skills:
 + Level 7.6(6.9) Fighting
 - Level 6.0(5.4) Armour
 + Level 8.0(7.3) Dodging
 - Level 4.8(4.3) Stealth
 * Level 10.9(10.3) Unarmed Combat


You had 10 spell levels left.
You didn't know any spells.

Dungeon Overview and Level Annotations

Branches:
Dungeon (9/15)             Temple (0/1) D:4
    Orc: D:9-12        Lair: D:8-11

Altars:
Ashenzari
Fedhas
Gozag
Makhleb
Ru
Sif Muna
Vehumet
Zin

Annotations:
D:9 Erolcha


Innate Abilities, Weirdness & Mutations

You cannot study or use magical devices.
You are hated by all.
You have somewhat slow reflexes. (-3 EV)
You are slightly vulnerable to magic.
You have a pair of small horns on your head.
Your vision is a little blurry.
Your magical capacity is low (-10% MP).
You are weak. (Str -2)


Message History

You hit the small abomination.
The small abomination is almost destroyed.
The small abomination completely misses you.
You completely miss the small abomination.
The small abomination is almost destroyed.
You are feeling hungry.
The small abomination hits you but does no damage.
The small abomination hits you!
* * * LOW HITPOINT WARNING * * *
You hit the small abomination but do no damage.
You headbutt the small abomination.
The small abomination is almost destroyed.
The small abomination hits you!
* * * LOW HITPOINT WARNING * * *
The small abomination is blinded in retribution by your aura!
You barely miss the small abomination.
Your headbutt misses the small abomination.
The small abomination is almost destroyed.
The small abomination hits you!
You die...

# ## # # .# ##
.### # # #. #.
. .. # .#. .#.
##. ##.##
.#.#. # #x..#
.##...####@#..
# . .#....##
..# #######.#
## #.## #...#
##### # # #


You could see a small abomination (blind).

Vanquished Creatures
  The ghost of Fusha the Skirmisher, an experienced MiEn of Ashenzari (D:3)
  A queen bee (D:8)
  Prince Ribbit (D:7)
  A deep elf mage (D:8)
  4 hippogriffs
  Eustachio (D:8)
  A hungry ghost (D:7)
  Edmund (D:7)
  3 ice beasts
  3 sky beasts (D:7)
  2 orc warriors
  2 ogres
  A phantom (D:7)
  A yellow wasp (D:8)
  A necrophage (D:7)
  10 centaurs
  5 giant frogs
  14 killer bees (D:8)
  3 wights (D:5)
  3 crimson imps
  3 jellies
  2 centaur skeletons
  3 orc priests
  A quasit (D:8)
  4 worker ants
  A giant frog skeleton (D:7)
  8 orc wizards
  A black bear skeleton (D:5)
  3 hounds
  Natasha (thrice) (D:5)
  5 iguanas
  A big kobold skeleton (D:9)
  4 gnolls
  A green rat (D:8)
  14 adders
  A giant mite (D:4)
  2 shadow imps
  5 worms
  An adder skeleton (D:6)
  2 orc skeletons
  2 oozes
  39 orcs
  A bat skeleton (D:4)
  A bat zombie (D:5)
  8 giant cockroaches
  16 goblins
  16 hobgoblins
  7 jackals
  19 kobolds
  6 quokkas
  19 bats
  10 giant geckos
  6 giant newts
  A giant newt skeleton (D:4)
  A kobold zombie (D:8)
  An orc zombie (D:6)
  10 rats
287 creatures vanquished.

Vanquished Creatures (others)
  3 killer bees (D:8)
  A worm (D:4)
  An ufetubus (Abyss:1)
  An ooze (D:6)
  An orc (D:3)
  A rat (D:6)
8 creatures vanquished.

Grand Total: 295 creatures vanquished

Notes
Turn   | Place    | Note
--------------------------------------------------------------
     0 | D:1      | Fusha, the Human Monk, began the quest for the Orb.
     0 | D:1      | Reached XP level 1. HP: 18/18 MP: 1/1
   166 | D:1      | Reached XP level 2. HP: 21/24 MP: 2/2
   808 | D:2      | Reached XP level 3. HP: 6/29 MP: 3/3
  1083 | D:1      | Gained mutation: Your flesh is heat resistant. [potion of mutation]
  1083 | D:1      | Gained mutation: You are robust (+10% HP). [potion of mutation]
  1083 | D:1      | Gained mutation: You are weak. (Str -2) [potion of mutation]
  1307 | D:2      | Reached XP level 4. HP: 38/38 MP: 4/4
  1379 | D:2      | Found a burning altar of Makhleb.
  1792 | D:2      | Reached XP level 5. HP: 45/45 MP: 5/5
  2121 | D:3      | Found a sacrificial altar of Ru.
  2121 | D:3      | Found a radiant altar of Vehumet.
  2122 | D:3      | Found a blossoming altar of Fedhas.
  2125 | D:3      | Became a worshipper of Ru the Awakened
  2128 | D:3      | Gained mutation: You are hated by all. [Ru sacrifice]
  2128 | D:3      | Acquired Ru's first power
  2140 | D:3      | Found a glowing silver altar of Zin.
  2168 | D:3      | Reached skill level 5 in Unarmed Combat
  2773 | D:3      | Noticed Fusha's ghost (experienced MiEn)
  3505 | D:4      | Found a staircase to the Ecumenical Temple.
  3747 | D:4      | Reached XP level 6. HP: 51/51 MP: 6/6
  4669 | D:4      | Gained mutation: You have somewhat slow reflexes. (-3 EV) [Ru sacrifice]
  4669 | D:4      | Acquired Ru's second power
  4818 | D:4      | Noticed a centaur
  4842 | D:4      | Killed a centaur
  4842 | D:4      | Reached XP level 7. HP: 30/59 MP: 7/7
  4970 | D:4      | Reached skill level 6 in Unarmed Combat
  5085 | D:4      | Found a shattered altar of Ashenzari.
  5132 | D:4      | Found a deep blue altar of Sif Muna.
  5136 | D:4      | Found an opulent altar of Gozag.
  5863 | D:3      | Found a glowing silver altar of Zin.
  5864 | D:3      | Found a blossoming altar of Fedhas.
  5867 | D:3      | Found a radiant altar of Vehumet.
  5915 | D:3      | Found a sacrificial altar of Ru.
  6038 | D:3      | Gained mutation: You are agile. (Dex +2) [potion of mutation]
  6038 | D:3      | Gained mutation: You possess an exceptional clarity of mind. [potion of mutation]
  6264 | D:5      | Entered Level 5 of the Dungeon
  6266 | D:5      | Noticed Natasha
  6276 | D:5      | Killed Natasha
  6347 | D:5      | Noticed Natasha
  6355 | D:5      | Killed Natasha
  6931 | D:5      | Reached XP level 8. HP: 30/67 MP: 8/8
  7322 | D:5      | Reached skill level 5 in Dodging
  7327 | D:5      | Reached skill level 7 in Unarmed Combat
  7587 | D:5      | Noticed Natasha
  7594 | D:5      | Killed Natasha
  7902 | D:5      | Reached skill level 1 in Armour
  8213 | D:6      | Reached skill level 5 in Fighting
  8281 | D:6      | Gained mutation: You cannot study or use magical devices. [Ru sacrifice]
  8281 | D:6      | Acquired Ru's third power
  8281 | D:6      | Acquired Ru's fourth power
  8931 | D:6      | Reached XP level 9. HP: 55/74 MP: 9/9
  9729 | D:3      | Killed Fusha's ghost
  9729 | D:3      | Reached skill level 8 in Unarmed Combat
 10255 | D:7      | Noticed Prince Ribbit
 10308 | D:7      | Killed Prince Ribbit
 10663 | D:7      | Reached skill level 5 in Armour
 10820 | D:7      | Reached XP level 10. HP: 52/80 MP: 10/10
 10931 | D:7      | Lost mutation: You are agile. (Dex +2) [potion of cure mutation]
 10931 | D:7      | Lost mutation: You possess an exceptional clarity of mind. [potion of cure mutation]
 10931 | D:7      | Lost mutation: Your flesh is heat resistant. [potion of cure mutation]
 10931 | D:7      | Lost mutation: You are robust (+10% HP). [potion of cure mutation]
 10958 | D:7      | Reached skill level 9 in Unarmed Combat
 10964 | D:7      | Noticed Edmund
 11057 | D:7      | Killed Edmund
 11705 | D:8      | Gained mutation: You are slightly vulnerable to magic. [Ru sacrifice]
 11705 | D:8      | Acquired Ru's fifth power
 11803 | D:8      | Reached skill level 10 in Unarmed Combat
 12446 | D:8      | Reached XP level 11. HP: 67/81 MP: 11/11
 12510 | D:8      | Noticed Eustachio
 12524 | D:8      | Killed Eustachio
 12998 | D:9      | Noticed Erolcha
 13003 | D:9      | Gained mutation: You have a pair of small horns on your head. [potion of mutation]
 13003 | D:9      | Gained mutation: Your magical capacity is low (-10% MP). [potion of mutation]
 13003 | D:9      | Gained mutation: Your vision is a little blurry. [potion of mutation]
 13011 | D:9      | Cast into the Abyss (Erolcha)
 13063 | Abyss:1  | Noticed a bone dragon
 13302 | Abyss:2  | Mangled by a small abomination

Action                   |  1- 3 |  4- 6 |  7- 9 | 10-12 || total
-------------------------+-------+-------+-------+-------++-------
Melee: Unarmed           |    97 |   314 |   596 |   439 ||  1446
Throw: Stone             |     1 |       |    10 |       ||    11
       Javelin           |       |       |     2 |       ||     2
Invok: Sacrifice Love    |       |     1 |       |       ||     1
       Sacrifice Health  |       |     1 |       |       ||     1
       Sacrifice Artific |       |       |     1 |       ||     1
       Draw Out Power    |       |       |     1 |     3 ||     4
       Power Leap        |       |       |     1 |     1 ||     2
       Sacrifice Essence |       |       |       |     1 ||     1
 Abil: Evoke Berserk Rag |       |       |     3 |       ||     3
  Use: Potion            |     1 |       |     8 |     6 ||    15
       Scroll            |       |       |    10 |    15 ||    25
 Stab: Sleeping          |     2 |     7 |     3 |     3 ||    15
       Invisible         |       |       |     8 |     6 ||    14
       Distracted        |       |       |       |     1 ||     1
  Eat: Chunk             |     1 |    11 |    24 |     9 ||    45
       Beef jerky        |       |       |     1 |       ||     1
